Map: 16 bits EC

Players

ImrdE

  • Race: Zerg Zerg
  • League: Diamond
  • Spawn Location: 7:00

HoldTheDoor - Winner!

  • Race: Protoss Protoss
  • League: Diamond
  • Spawn Location: 1:00

VOD

Have the link to the VOD?

Description

Time

  • Played on: July 7, 2018, 8:41 a.m.
  • Length: 30:26
Show
View Real Time Build Order
Export as new Build Order

ImrdE Zerg 

Build Orders: Hatch First, Muta Ling Bane 

Get SALT Encoding   

  12  0:01  Drone  
  13  0:13  Overlord  
  13  0:18  Drone  
  14  0:31  Drone x2  
  14  0:35  Drone  
  17  0:55  Hatchery  
  16  0:58  Drone  
  16  1:02  Extractor  
  16  1:03  Drone  
  17  1:08  Drone  
  18  1:25  Spawning Pool  
  17  1:28  Drone  
  18  1:40  Drone  
  18  1:41  Drone  
  20  1:52  Drone  
  21  2:07  Drone  
  22  2:10  Hatchery  
  22  2:12  Drone  
  22  2:15  Zergling x2  
  22  2:21  Zergling x2  
  24  2:28  Overlord  
  23  2:39  Metabolic Boost  
  23  2:41  Drone x2  
  25  2:47  Queen  
  27  2:56  Queen  
  29  3:00  Drone  
  29  3:04  Drone  
  31  3:06  Drone  
  31  3:08  Drone  
  31  3:10  Drone  
  34  3:16  Overlord  
  34  3:20  Zergling x2  
  34  3:24  Drone  
  36  3:32  Drone  
  37  3:37  Drone x2  
  37  3:38  Drone  
  37  3:39  Lair  
  40  3:42  Extractor  
  40  3:44  Drone x3  
  42  3:53  Baneling Nest, Drone  
  42  3:54  Drone  
  42  3:55  Drone  
  44  3:58  Extractor  
  44  4:00  Overlord  
  43  4:04  Pneumatized Carapace  
  43  4:10  Drone x3  
  43  4:13  Drone  
  47  4:18  Overlord  
  47  4:22  Overlord  
  48  4:24  Drone x2  
  48  4:27  Drone x2  
  51  4:43  Extractor  
  50  4:46  Drone  
  50  4:47  Spire  
  50  4:48  Drone  
  50  4:50  Spore Crawler  
  50  4:51  Spore Crawler  
  49  4:52  Spore Crawler x2  
  49  4:56  Spore Crawler x2  
  49  4:58  Drone x2  
  47  5:03  Baneling x2  
  47  5:04  Baneling, Overseer  
  47  5:07  Drone x2  
  47  5:10  Drone  
  47  5:11  Drone  
  47  5:12  Drone  
  52  5:23  Overlord  
  52  5:41  Zergling x8  
  52  5:42  Zergling x14  
  63  5:43  Zergling x2  
  64  5:51  Overlord x2  
  64  6:01  Mutalisk x3  
  70  6:14  Mutalisk x3  
  70  6:18  Mutalisk x2  
  76  6:22  Drone  
  76  6:25  Centrifical Hooks  
  81  6:29  Drone  
  81  6:31  Mutalisk, Extractor, Evolution Chamber x2  
  81  6:37  Zergling x6  
  84  6:40  Overlord x2  
  84  6:46  Zergling x2  
  86  6:54  Queen, Drone  
  86  6:56  Zergling x8  
  72  7:17  Zergling x10  
  72  7:18  Zergling x4  
  72  7:21  Zergling x2  
  57  7:33  Zerg Melee Weapons Level 1  
  57  7:34  Zerg Ground Armor Level 1  
  53  7:44  Mutalisk x5  
  38  8:05  Drone  
  38  8:06  Drone  
  40  8:21  Drone x3  
  43  8:56  Hatchery  
  42  9:15  Drone x5  
  47  9:23  Zergling x2  
  47  9:24  Zergling x2  
  49  9:34  Zergling x2  
  49  9:35  Zergling x2  
  51  9:42  Zergling x2  
  52  10:00  Zergling x2  
  52  10:01  Zergling x6  
  56  10:08  Drone  
  56  10:12  Drone  
  58  10:14  Extractor  
  58  10:20  Baneling x4  
  57  10:35  Zergling x10  
  62  10:53  Drone x2  
  64  11:01  Hatchery  
  63  11:06  Zergling x2  
  63  11:07  Zergling x10  
  69  11:24  Drone  
  70  11:28  Drone  
  70  11:29  Queen, Drone x2  
  73  11:43  Zergling x4  
  75  11:50  Drone x3  
  78  12:02  Zergling x4  
  80  12:09  Drone  
  80  12:14  Zergling x6  
  84  12:22  Drone  
  85  12:23  Drone  
  85  12:24  Drone x2  
  88  12:31  Zergling x4  
  72  12:52  Zergling x14  
  72  12:53  Zergling x6  
  76  12:59  Lair  
  76  13:00  Drone  
  76  13:01  Drone  
  78  13:09  Baneling x2  
  78  13:10  Baneling x5  
  78  13:13  Zergling x2  
  78  13:14  Zergling x6  
  78  13:19  Drone  
  83  13:22  Drone  
  84  13:27  Zergling x4  
  84  13:28  Zergling x8  
  84  13:33  Baneling x5  
  90  13:40  Spore Crawler  
  89  13:47  Zergling x2  
  89  13:48  Zergling x8  
  54  13:58  Zergling x10  
  50  14:05  Zergling x6  
  50  14:08  Baneling x2  
  48  14:15  Zergling x6  
  51  14:20  Zergling x4  
  53  14:25  Zergling x4  
  53  14:39  Queen  
  55  14:52  Spore Crawler  
  47  15:13  Zergling x14  
  47  15:14  Zergling x14  
  56  15:15  Zergling x2  
  54  15:35  Baneling x4  
  52  15:45  Infestation Pit  
  51  15:51  Drone x2  
  51  15:52  Hydralisk Den  
  51  15:54  Drone x6  
  51  15:55  Drone  
  59  15:59  Baneling x3  
  59  16:06  Drone x2  
  59  16:07  Drone  
  63  16:11  Drone  
  63  16:12  Drone  
  63  16:16  Drone x2  
  66  16:18  Drone  
  68  16:25  Zergling x4  
  68  16:26  Zergling x2  
  70  16:50  Hydralisk  
  70  16:51  Hydralisk x5, Zergling x6  
  70  16:52  Zergling x4  
  73  17:07  Zergling x2  
  73  17:08  Zergling x12  
  78  17:12  Baneling x6  
  78  17:13  Baneling x6  
  78  17:22  Hive  
  78  17:27  Spine Crawler  
  77  17:31  Drone  
  77  17:34  Zerg Melee Weapons Level 2  
  78  17:38  Hatchery  
  77  17:44  Muscular Augments, Evolution Chamber  
  77  17:46  Drone x2  
  77  17:48  Drone x2  
  80  17:53  Hydralisk  
  80  17:54  Zergling x4  
  80  17:57  Overlord  
  83  18:21  Zerg Missile Weapons Level 1  
  83  18:22  Hydralisk x3, Zergling x2  
  83  18:25  Overlord  
  83  18:26  Overlord x2  
  90  18:42  Overlord x2  
  90  18:43  Extractor  
  88  18:56  Hydralisk x6, Zergling x2  
  88  18:57  Zergling x8  
  105  19:09  Drone x3  
  109  19:10  Drone x3  
  111  19:21  Grooved Spines  
  111  19:26  Drone x2  
  113  19:39  Queen, Drone  
  113  19:40  Hydralisk, Spore Crawler  
  113  19:41  Hydralisk, Zergling x6  
  113  19:42  Spore Crawler  
  121  19:56  Ultralisk Cavern  
  121  19:57  Infestor  
  121  19:58  Infestor x3  
  128  20:01  Overseer x2  
  128  20:06  Extractor  
  127  20:10  Drone  
  127  20:11  Overlord x2, Spine Crawler  
  127  20:19  Drone  
  128  20:24  Overlord x2  
  128  20:28  Zerg Missile Weapons Level 2  
  128  20:30  Zerg Melee Weapons Level 3  
  128  20:33  Adrenal Glands  
  128  20:35  Drone  
  129  20:36  Drone  
  129  20:41  Drone x3  
  133  20:43  Drone  
  133  20:46  Chitinous Plating  
  134  21:05  Ultralisk x2  
  146  21:25  Ultralisk x2, Zergling x2  
  159  21:33  Extractor  
  159  21:34  Drone x2  
  160  21:45  Overlord x2  
  160  21:52  Spore Crawler  
  159  21:56  Hydralisk, Spore Crawler  
  159  21:59  Hatchery  
  159  22:08  Hydralisk x4  
  165  22:35  Hydralisk x6, Zergling x4  
  165  22:36  Zergling x10  
  139  22:37  Zergling x2  
  139  22:44  Hydralisk, Zergling x4  
  110  22:45  Zergling x2  
  105  22:54  Zergling x4  
  105  22:55  Zergling x8  
  98  23:33  Hydralisk x5, Zergling x8  
  96  23:34  Zergling x2  
  92  23:56  Hydralisk, Zergling x2  
  92  23:57  Zergling x2  
  92  24:00  Hatchery  
  95  24:06  Baneling x6  
  95  24:07  Baneling x3  
  83  24:29  Hydralisk x3, Zergling x4  
  83  24:30  Zergling x4  
  93  25:02  Hydralisk x2  
  93  25:03  Hydralisk x3, Zergling x8  
  95  25:14  Hydralisk x2  
  95  25:15  Zergling x4  
  73  25:30  Zerg Missile Weapons Level 3  
  73  25:34  Hydralisk x2, Zergling x2  
  73  25:35  Zergling x6  
  81  25:43  Drone x3  
  84  25:58  Corruptor x3  
  90  26:09  Drone x2  
  90  26:10  Drone x3  
  95  26:19  Hydralisk  
  95  26:20  Zergling x2  
  98  26:26  Hatchery  
  98  26:32  Hydralisk x2, Spore Crawler  
  96  26:33  Spore Crawler  
  96  26:35  Hydralisk  
  96  26:38  Baneling x3  
  96  26:39  Baneling x2  
  101  26:52  Extractor, Hydralisk  
  101  26:53  Extractor, Hydralisk x2, Zergling x6  
  108  26:58  Corruptor  
  110  27:16  Hydralisk x5  
  120  27:26  Hydralisk  
  120  27:27  Hydralisk x2  
  120  27:28  Zergling x2  
  127  27:34  Overlord  
  127  27:35  Overlord  
  127  27:40  Drone  
  127  27:41  Drone  
  127  27:43  Zergling x6  
  132  27:52  Hydralisk x2  
  132  27:56  Baneling x7  
  132  27:57  Baneling  
  136  28:03  Hydralisk  
  136  28:04  Zergling x4  
  140  28:10  Drone  
  140  28:11  Drone  
  142  28:44  Ultralisk x2  
  154  28:51  Infestor  
  156  28:59  Extractor  
  155  29:04  Infestor  
  157  29:30  Hatchery  
  156  29:31  Infestor x2  
  160  29:44  Hydralisk x2  
  160  29:45  Zergling x12  
  140  30:07  Zergling x6  
  140  30:08  Zergling x14  
  140  30:09  Zergling x4  
Show
View Real Time Build Order
Export as new Build Order

HoldTheDoor Protoss - Winner!

Build Orders:  

Get SALT Encoding   

  12  0:00  Probe  
  13  0:12  Probe  
  14  0:18  Pylon  
  14  0:24  Probe  
  15  0:37  Probe  
  15  0:42  Gateway  
  16  0:47  Assimilator  
  16  0:49  Probe  
  17  1:01  Probe  
  18  1:17  Probe  
  19  1:46  Nexus  
  19  1:58  Cybernetics Core, Probe  
  20  2:06  Assimilator  
  20  2:07  Pylon  
  20  2:10  Probe  
  21  2:22  Probe  
  22  2:29  Warp Gate  
  22  2:34  Probe  
  23  2:38  Adept  
  25  2:47  Probe  
  25  2:50  Robotics Facility  
  26  2:51  Pylon  
  26  3:00  Probe x2  
  28  3:07  Twilight Council  
  28  3:12  Probe  
  29  3:21  Sentry  
  29  3:22  Probe  
  32  3:27  Gateway  
  32  3:29  Gateway  
  32  3:31  Probe  
  33  3:35  Probe  
  33  3:39  Pylon  
  34  3:43  Probe  
  34  3:47  Probe  
  36  3:52  Warp Prism  
  38  3:57  Adept  
  38  3:59  Probe  
  41  4:03  Resonating Glaives  
  41  4:04  Probe  
  42  4:13  Probe  
  42  4:16  Probe  
  44  4:21  Gateway  
  44  4:24  Gateway  
  44  4:35  Sentry  
  44  4:36  Sentry  
  44  4:38  Adept  
  50  4:44  Immortal  
  50  4:50  Probe x2  
  56  5:01  Pylon  
  56  5:06  Gateway  
  56  5:09  Pylon  
  56  5:10  Adept x3  
  62  5:15  Pylon  
  62  5:18  Pylon  
  62  5:22  Pylon  
  62  5:27  Immortal  
  66  6:00  Adept x2  
  66  6:01  Adept x3  
  76  6:23  Adept x3  
  76  6:24  Adept x3  
  88  6:33  Pylon  
  88  6:35  Pylon  
  88  6:39  Gateway  
  88  6:40  Pylon  
  88  6:47  Adept x4  
  88  6:48  Adept x2  
  100  7:08  Stalker x3  
  104  7:21  Stalker x2  
  88  7:52  Stalker x3  
  90  8:04  Assimilator  
  78  8:07  Stalker  
  78  8:08  Stalker  
  78  8:10  Assimilator  
  72  8:17  Stalker  
  72  8:19  Probe  
  61  8:21  Probe  
  62  8:31  Probe  
  63  8:37  Stalker x2, Pylon  
  63  8:39  Stalker  
  69  9:00  Stargate  
  69  9:05  Stalker x2  
  67  9:20  Shield Battery  
  67  9:23  Shield Battery  
  61  9:25  Probe  
  61  9:26  Probe  
  59  9:33  Probe  
  59  9:38  Probe, Phoenix  
  61  9:41  Probe  
  61  9:50  Probe  
  61  9:52  Probe, Pylon  
  65  9:53  Stalker x4  
  65  9:54  Stalker  
  74  10:02  Probe  
  74  10:04  Probe  
  74  10:06  Phoenix  
  78  10:14  Probe  
  79  10:22  Forge  
  79  10:24  Probe  
  79  10:25  Stalker x2  
  79  10:26  Probe  
  85  10:28  Phoenix  
  85  10:48  Stalker x3  
  91  10:51  Protoss Air Weapons Level 1  
  91  10:56  Phoenix  
  93  11:12  Stalker x2  
  93  11:33  Stalker x4  
  101  11:40  Phoenix  
  101  11:43  Probe  
  104  11:52  Photon Cannon  
  104  11:57  Phoenix  
  104  12:00  Photon Cannon  
  106  12:26  Phoenix  
  108  12:32  Probe x2  
  110  12:42  Protoss Air Armor Level 1  
  108  12:47  Pylon  
  106  13:05  Photon Cannon  
  106  13:14  Stalker  
  106  13:15  Stalker x5  
  106  13:16  Observer  
  119  13:38  Nexus  
  119  13:41  Pylon  
  65  14:07  Adept x6  
  71  14:14  Void Ray  
  65  14:43  Pylon, Adept x2  
  65  14:44  Adept  
  71  14:46  Pylon  
  71  14:53  Adept x2  
  67  15:14  Adept x2  
  67  15:15  Adept x2  
  75  15:34  Probe x3  
  78  15:38  Void Ray  
  78  15:46  Probe x2  
  84  15:57  Assimilator  
  84  15:58  Probe  
  85  16:05  Protoss Ground Weapons Level 1  
  85  16:06  Assimilator  
  85  16:09  Sentry x3  
  85  16:10  Sentry  
  93  16:18  Probe  
  94  16:23  Probe x2  
  96  16:29  Void Ray  
  100  16:41  Sentry x2  
  100  16:44  Adept x2  
  100  16:45  Adept  
  108  17:06  Probe  
  108  17:07  Probe  
  110  17:12  Immortal  
  110  17:15  Probe  
  111  17:19  Probe  
  116  17:26  Void Ray  
  120  17:36  Pylon  
  120  17:42  Nexus  
  120  17:43  Adept  
  120  17:44  Adept  
  124  17:46  Probe  
  124  17:49  Pylon  
  125  18:07  Assimilator  
  125  18:15  Assimilator, Pylon  
  123  18:34  Void Ray  
  123  18:36  Adept x6  
  137  19:04  Zealot  
  137  19:05  Zealot x5  
  137  19:07  Probe x2  
  151  19:12  Twilight Council  
  151  19:13  Pylon  
  151  19:15  Immortal  
  155  19:19  Void Ray  
  155  19:21  Probe x2  
  161  19:25  Gateway  
  161  19:28  Probe  
  161  19:30  Probe  
  163  19:37  Protoss Ground Weapons Level 2  
  163  19:42  Zealot x4  
  163  19:44  Charge  
  171  19:51  Zealot x2  
  175  20:03  Void Ray  
  175  20:06  Probe x2  
  181  20:07  Probe  
  182  20:18  Pylon  
  182  20:19  Zealot x3  
  188  20:33  Pylon  
  188  20:34  Pylon  
  188  20:36  Immortal  
  188  20:37  Pylon  
  188  20:40  Pylon  
  192  20:50  Fleet Beacon  
  192  20:54  Zealot x2  
  194  21:19  Zealot x3  
  200  21:34  Pylon  
  200  21:46  Gateway  
  200  21:49  Gateway  
  200  21:51  Gateway  
  200  21:58  Pylon  
  200  22:03  Pylon  
  200  22:08  Pylon  
  200  22:21  Pylon  
  200  22:25  Pylon  
  198  22:31  Pylon  
  132  22:39  Zealot x5  
  132  22:40  Zealot x2  
  121  23:01  Pylon  
  115  23:29  Zealot x5  
  115  23:30  Zealot x2  
  115  23:31  Carrier  
  115  23:39  Immortal  
  115  23:41  Protoss Ground Weapons Level 3  
  91  23:44  Protoss Air Weapons Level 2  
  87  23:57  Probe  
  88  24:07  Zealot x6  
  88  24:08  Zealot  
  94  24:27  Nexus  
  94  24:30  Pylon  
  94  24:33  Photon Cannon x2  
  94  24:35  Photon Cannon, Pylon  
  94  24:37  Shield Battery, Probe x2  
  96  24:42  Assimilator  
  96  24:56  Templar Archives  
  96  24:58  Pylon  
  96  25:02  Pylon  
  96  25:03  Zealot x2  
  96  25:04  Zealot x5  
  83  25:07  Gateway  
  83  25:08  Gateway  
  83  25:10  Gateway  
  83  25:13  Gateway  
  79  25:15  Gateway  
  57  25:31  Probe x2  
  57  25:32  Pylon  
  57  25:35  Zealot  
  61  25:45  Probe x2  
  61  25:48  Zealot  
  65  26:05  Carrier  
  65  26:10  Protoss Shields Level 1  
  71  26:20  Probe  
  72  26:42  Assimilator  
  72  26:47  High Templar x7  
  74  26:48  High Templar x5  
  74  26:50  High Templar  
  74  26:51  Archon  
  74  26:52  Archon x4  
  74  26:53  Archon  
  98  26:57  High Templar x2  
  102  27:01  Archon  
  102  27:04  Probe  
  103  27:21  Zealot x5  
  113  27:25  Carrier  
  119  27:43  High Templar x3  
  125  27:44  High Templar  
  125  27:46  High Templar  
  125  27:49  Archon  
  125  27:50  Archon  
  129  27:52  Archon, High Templar x2  
  129  27:53  High Templar  
  129  27:56  Archon  
  135  28:00  High Templar x3  
  135  28:01  High Templar  
  135  28:02  High Templar  
  135  28:05  High Templar  
  147  28:07  High Templar  
  147  28:09  Archon x2  
  147  28:10  Archon  
  147  28:11  Archon  
  149  28:28  Zealot  
  149  28:29  Zealot x2  
  149  28:31  Zealot  
  149  28:32  Pylon  
  157  28:36  Pylon  
  157  28:45  Observer  
  158  28:51  High Templar x6  
  158  28:54  Zealot x2  
  174  28:57  Archon x2  
  174  28:58  Archon  
  174  29:23  Stalker  
  174  29:24  Stalker x2  
  180  29:29  Zealot  
  180  29:30  Zealot x3  
  188  29:51  Nexus  
  180  30:00  Zealot x2  
Tags
 
Composition
Muta Ling Bane
Matchup
PvZ
Spawn Locations
Cross Positions
Add a new tag
Caveats
  • Supply blocks, unpowered buildings, or Contaminate may cause inaccurate times.
  • Supply counts are checked every 10 seconds.